 Dungeon Crawl Stone Soup version 0.23.0 (webtiles) character file.

Game seed: 16934936124843092719

36 Semilg the Slasher (level 3, -1/33 HPs)
             Began as a Hill Orc Berserker on Feb 18, 2019.
             Was a Believer of Trog.
             Slain by a jackal (2 damage)
             ... on level 2 of the Dungeon.
             The game lasted 00:09:58 (855 turns).

Semilg the Slasher (Hill Orc Berserker)              Turns: 855, Time: 00:09:58

Health: -1/33      AC:  3    Str: 20    XL:     3   Next: 37%
Magic:  3/3        EV:  8    Int:  7    God:    Trog [**....]
Gold:   24         SH:  0    Dex: 10    Spells: 2/2 levels left

rFire    . . .     SeeInvis .   a - +0 falchion
rCold    . . .     Gourm    .   (no shield)
rNeg     . . .     Faith    .   m - +0 leather armour
rPois    .         Spirit   .   (no helmet)
rElec    .         Reflect  .   (no cloak)
rCorr    .         Harm     .   (no gloves)
MR       .....                  (no boots)
Stlth    +.........             (no amulet)
HPRegen  0.11/turn              (no ring)
MPRegen  0.08/turn              (no ring)

@: constricted, very slow
A: no striking features
a: Berserk, Trog's Hand, Renounce Religion


You were on level 2 of the Dungeon.
You worshipped Trog.
Trog was pleased with you.
You were not hungry.

You visited 1 branch of the dungeon, and saw 2 of its levels.

You collected 24 gold pieces.

Inventory:

Hand Weapons
 a - a +0 falchion (weapon)
 e - a +0 club
 g - a +0 dagger
 i - a +0 whip
 j - a +0 hand axe
 k - a +0 dagger
 n - a +0 short sword
 o - a +0 mace
 p - a +0 whip
 s - a +0 dagger
 t - a +0 dagger
Missiles
 f - 48 stones (quivered)
Armour
 b - a +0 animal skin
 m - a +0 leather armour (worn)
 q - a +0 leather armour
Scrolls
 d - a scroll of enchant weapon {unknown}
 r - a scroll of identify {unknown}
Potions
 h - a potion of might {unknown}
 l - a potion of curing {unknown}
Comestibles
 c - 3 rations


   Skills:
 + Level 4.0 Fighting
 + Level 4.1 Long Blades
 + Level 0.2 Throwing
 + Level 2.5 Armour
 + Level 1.7 Dodging


You had 2 spell levels left.
You didn't know any spells.
Your spell library was empty.

Dungeon Overview and Level Annotations

Branches:
Dungeon (2/15)

Altars:


Message History

The jackal bites you.
* * * LOW HITPOINT WARNING * * *
The jackal closely misses you.
The ball python bites you but does no damage.
The ball python constricts you.
The ball python's grasp on you weakens, but your attempt to escape fails.
The jackal bites you but does no damage.
The jackal bites you.
* * * LOW HITPOINT WARNING * * *
The ball python bites you but does no damage.
* * * LOW HITPOINT WARNING * * *
The ball python constricts you. The kobold barely misses you.
The jackal barely misses you. The jackal completely misses you.
The frilled lizard bites you.
* * * LOW HITPOINT WARNING * * *
Unknown command.
You escape the ball python's grasp.
The ball python barely misses you. The ball python grabs you.
The ball python constricts you. The jackal bites you.
You die...

.## ..# .. . #.#
..######### #..##
...≈..≈.≈.# #..#
...≈≈.≈.≈.### #.#
≈≈≈≈≈≈≈≈K...##########..
≈≈≈≈≈≈≈@h.#(...†........
≈≈≈≈≈≈lSh.#############.
≈≈.♣≈≈≈≈≈g# #.
≈≈≈_♣≈≈≈g.# ##
≈≈?♣≈≈≈≈≈.# ≈≈≈≈≈≈≈≈..#
≈≈≈≈≈≈≈≈≈(. ###
≈≈≈≈≈≈≈≈... ##..
≈≈≈≈≈≈≈.... ##...


You could see 2 jackals, 2 hobgoblins, a ball python, a kobold and a frilled
lizard.

Vanquished Creatures
  A dart slug (D:1)
  A ball python (D:1)
  2 giant cockroaches (D:1)
  10 goblins
  2 hobgoblins (D:1)
  2 jackals (D:2)
  3 kobolds
  2 bats
  3 frilled lizards
  4 rats (D:1)
30 creatures vanquished.

Notes
Turn   | Place    | Note
-------+----------+-------------------------------------------
     0 | D:1      | Semilg the Hill Orc Berserker began the quest for the Orb.
     0 | D:1      | Reached XP level 1. HP: 19/19 MP: 1/1
   159 | D:1      | Reached XP level 2. HP: 25/27 MP: 2/2
   606 | D:1      | Reached XP level 3. HP: 30/33 MP: 3/3
   710 | D:2      | Reached ** piety under Trog
   844 | D:2      | Found a faded altar of an unknown god.
   854 | D:2      | HP: 1/33 [frilled lizard (2)]
   855 | D:2      | Slain by a jackal

Skill      XL: |  1  2  3 |
---------------+----------+-----
Long Blades    | 4 |  4.1
Fighting       | 4 |  4.0
Throwing       | |  0.2
Armour         | |  2.5
Dodging        | |  1.7

Action                   || total
-------------------------++-------
Melee: Falchion          ||    74
Throw: Stone             ||    28
  Use: Potion            ||     1
  Eat: Ration            ||     1
Armor: Animal skin       ||     7
       Leather armour    ||    20
Dodge: Dodged            ||    48
       Rpst.: Falchion   ||    15
